AoeStats
← MZTK | GaboxNet .i.

Arabia

510424391Analyzed
3v3 RM · 1d ago on Oct 1, 2026· 38m 48s· 6 players
Game mode
Random Map
Map size
Normal (6 player)
Population
200
Speed
Normal
Resources
Standard
Victory
Conquest
Starting age
Dark Age
Ending age
Imperial Age
RankedLock teamsTeams togetherTeam positionsShared explorationLock speedFull tech treeHidden civsTurbo modeCheats
Victory
Defeat
🇲🇽 Armenians · Mexico
1230
+12
🇲🇽 Khitans · Mexico
1188
+14
🇲🇽 Gurjaras · Mexico
1108
+18
🇧🇷 Ethiopians · Brazil
1265
-19
🇧🇷 Britons · Brazil
1201
-17
🇧🇷 Magyars · Brazil
972
-8
Soldado Raso
7:47 Loom
9:33 Feudal Age
11:08 Town Watch
15:10 Double-Bit Axe
18:11 Fletching
26:42 Padded Archer Armor
34:39 Castle Age
34:42 Crossbowman
[KMNB] RAGNAR
5:29 Loom
9:54 Feudal Age
22:37 Fletching
28:46 Double-Bit Axe
31:42 Castle Age
30:04 Gold Mining
31:49 Crossbowman
32:31 Bodkin Arrow
33:47 Thumb Ring
35:13 Wheelbarrow
Bønifáciø
5:27 Loom
9:46 Feudal Age
10:35 Double-Bit Axe
10:34 Horse Collar
20:22 Castle Age
20:21 Bloodlines
20:15 Scale Mail Armor
20:37 Scale Barding Armor
20:34 Gold Mining
27:16 Husbandry
28:22 Chain Barding Armor
31:24 Scale Mail Armor
32:48 Wheelbarrow
34:26 Town Watch
37:11 Pikeman
MZTK l ROD
5:05 Loom
9:43 Feudal Age
9:44 Man-at-Arms
10:32 Long Swordsman
17:40 Double-Bit Axe
20:58 Padded Archer Armor
21:27 Fletching
26:37 Castle Age
27:01 Forging
26:51 Scale Mail Armor
26:42 Two-Handed Swordsman
27:23 Squires
28:07 Champion
31:45 Bow Saw
32:48 Chain Mail Armor
32:55 Town Watch
36:06 Wheelbarrow
35:54 Elite Skirmisher
38:21 Gold Mining
39:31 Hand Cart
bayruZ
6:42 Loom
9:23 Feudal Age
11:02 Double-Bit Axe
16:23 Fletching
17:42 Padded Archer Armor
24:08 Castle Age
22:48 Scale Barding Armor
22:54 Forging
24:49 Bloodlines
24:52 Husbandry
29:08 Chain Barding Armor
29:00 Horse Collar
29:31 Bow Saw
34:53 Leather Archer Armor
36:24 Bodkin Arrow
39:34 Wheelbarrow
MZTK | GaboxNet .i.
6:45 Loom
9:25 Feudal Age
15:35 Forging
23:59 Castle Age
23:17 Scale Barding Armor
24:25 Light Cavalry
25:23 Husbandry
26:30 Iron Casting
26:27 Double-Bit Axe
27:17 Chain Barding Armor
34:11 Bow Saw
34:55 Wheelbarrow
Connection lost

Rejoining the realm…

Still unreachable

The connection could not be restored.

Session expired

The server has moved on; the page needs a fresh start.